 Dungeon Crawl Stone Soup version 0.32-a0-953-g508020473e (webtiles) character file.

Game seed: 4505229181089422608

1090 Autsider the Trooper (level 8, -1/43 HPs)
             Began as a Vine Stalker Warper on Apr 16, 2024.
             Succumbed to a water moccasin's poison
             ... on level 5 of the Dungeon.
             The game lasted 00:12:40 (4729 turns).

Autsider the Trooper (Vine Stalker Warper)          Turns: 4729, Time: 00:12:41

Health: -1/43      AC:  6    Str: 11 (14) XL:     8   Next: 31%
Magic:  7/12       EV:  8    Int: 11 (13) God:
Gold:   92         SH:  9    Dex: 14 (16) Spells: 11/11 levels left

rFire   . . .        I - +2 dagger (venom)
rCold   . . .        h - +0 kite shield
rNeg    . . .        b - +0 leather armour
rPois   .            F - +0 helmet
rElec   .            m - +0 cloak
rCorr   .            (no gloves)
SInv    .            y - +0 pair of boots
Will    +++..        g - amulet of the acrobat
Stlth   ++           f - ring of willpower
HPRegen 1.07/turn    (no ring)
MPRegen 0.13/turn

%: acrobat, guardian spirit
@: lethally poisoned (-1 -> -17), enlightened, flying
A: fangs 3, regeneration 1, magic shield, antimagic bite, no potion heal 2
a: no special abilities


You were on level 5 of the Dungeon.
You visited 1 branch of the dungeon, and saw 5 of its levels.

You collected 221 gold pieces.
You spent 129 gold pieces at shops.

Inventory:

Hand Weapons
 I - a +2 dagger of venom (weapon)
Missiles
 d - 7 darts of dispersal (quivered)
 j - 9 poisoned darts
 B - a boomerang
 C - a throwing net
 H - 5 javelins
Armour
 b - a +0 leather armour (worn)
 h - a +0 kite shield (worn)
 m - a +0 cloak (worn)
 x - a +0 chain mail
 y - a +0 pair of boots (worn)
 F - a +0 helmet (worn)
Jewellery
 f - a ring of willpower (left hand)
 g - an amulet of the acrobat (around neck)
Wands
 u - a wand of polymorph (13)
 J - a wand of acid (7)
Scrolls
 a - a scroll of revelation {unknown}
 c - a scroll of blinking
 e - 2 scrolls of immolation {unknown}
 i - 2 scrolls of teleportation {unknown}
 l - 7 scrolls of identify {unknown}
 n - a scroll of silence {unknown}
 o - a scroll of fog {unknown}
 p - a scroll of butterflies {unknown}
 q - 3 scrolls of vulnerability {unknown}
 w - a scroll of noise {unknown}
 A - 2 scrolls of enchant weapon {unknown}
 K - a scroll of torment {unknown}
Potions
 k - 3 potions of enlightenment
 r - a potion of degeneration
 s - a potion of curing {unknown}
 t - 2 potions of berserk rage {unknown}
 v - a potion of lignification {unknown}
 z - 2 potions of heal wounds {unknown}
 D - a potion of resistance {unknown}
 E - a potion of brilliance {unknown}
 G - a potion of might {unknown}


   Skills:
 + Level 5.0 Fighting
 + Level 4.9 Short Blades
 - Level 0.8 Throwing
 - Level 0.7 Armour
 - Level 1.5 Dodging
 - Level 4.0 Stealth
 + Level 4.4 Shields
 - Level 2.1 Spellcasting
 - Level 3.0 Translocations


You had 11 spell levels left.
You didn't know any spells.
Your spell library contained the following spells:

 Spells                   Type           Power      Damage    Failure   Level
 Blink                    Tloc           14%        N/A       54%         2
 Lesser Beckoning         Tloc           14%        N/A       54%         2
 Maxwell's Portable Pile  Tloc           7%         2d(5-15)  78%         3
 Teleport Other           Tloc           7%         N/A       78%         3
 Slow                     Hex            4%         N/A       83%         1
 Scorch                   Fire           2%         2d5       92%         2
 Sublimation of Blood     Necr           1%         N/A       92%         2
 Confusing Touch          Hex            1%         N/A       99%         3
 Vampiric Draining        Necr           1%         2d6       99%         3
 Flame Wave               Conj/Fire      1%         2d4       100%        4
 Vhi's Electric Charge    Tloc/Air       8%         N/A       100%        4
 Curse of Agony           Necr           1%         N/A       100%        5
 Summon Cactus Giant      Summ           0%         N/A       100%        6
 Rimeblight               Ice/Necr       0%         2d3       (prima100%   7


Dungeon Overview and Level Annotations

Branches:
Dungeon (5/15)             Temple (0/1) D:4

Altars:
Cheibriados
Elyvilon
Hepliaklqana
Nemelex Xobeh
Ru
Trog
Xom

Shops:
D:5 *

Annotations:
D:2 exclusion: downstairs
D:3 exclusion: downstairs


Innate Abilities, Weirdness & Mutations

You have razor-sharp teeth.
Your natural rate of healing is unusually fast.
When hurt, damage is shared between your health and your magic reserves.
Your bite disrupts and absorbs the magic of your enemies.
Potions cannot restore your health.


Message History

The water moccasin is moderately wounded.
You feel very sick. You block the water moccasin's attack.
You hit the water moccasin but do no damage.
Your bite misses the water moccasin.
The water moccasin is moderately wounded.
You feel very sick.
The water moccasin bites you but does no damage.
The water moccasin bites you.
* * * LOW HITPOINT WARNING * * *
You hit the water moccasin. Your bite misses the water moccasin.
The water moccasin is moderately wounded.
You feel sick. You block the water moccasin's attack.
You hit the water moccasin.
The water moccasin is heavily wounded.
You feel sick.
The water moccasin bites you but does no damage.
You hit the water moccasin.
The water moccasin is poisoned.
The water moccasin is severely wounded.
You feel sick. The water moccasin bites you!
* * * LOW HITPOINT WARNING * * *
You miss the water moccasin. Your bite misses the water moccasin.
The water moccasin is severely wounded.
You feel sick. The water moccasin bites you.
* * * LOW HITPOINT WARNING * * *
You are lethally poisoned!
The water moccasin poisons you! You block the water moccasin's attack.
It was a potion of enlightenment.
You feel very buoyant.
You fly up into the air.
* * * LOW HITPOINT WARNING * * *
You feel very sick. The water moccasin bites you.
* * * LOW HITPOINT WARNING * * *
You are more poisoned.
The water moccasin poisons you!
It was a potion of degeneration.
There was something very wrong with that liquid.
You feel weakened.
You feel dopey.
You feel clumsy.
You die...

#.# #.# #.### #...### ### #.#...
...# #.#..# ...# ### #.#..#
...#########.# #@#..#
.............###S#5.#..#
...#######............$# #.#.#
...#######.#..####..##.# #.#.#
...................>... #.#.#
...##.#.##.#.........#.# #.#.#
.........................#.#.####
.#....#.##.#.##.......##.#.#.....
.#)##.#.##.#..........# #.#.....


You could see a water moccasin (very poisoned).

Vanquished Creatures
  Eustachio (D:4)
  Duvessa (D:4)
  A phantom (D:5)
  A bullfrog (D:4)
  2 scorpions
  Dowan (D:4)
  A howler monkey (D:5)
  2 bombardier beetles
  An orc priest (D:2)
  3 hounds
  2 jellies
  2 sleepcaps
  An iguana (D:4)
  An orc wizard (D:3)
  Robin (D:4)
  2 adders
  A gnoll (D:1)
  2 ufetubi (D:5)
  2 dart slugs (D:2)
  A ribbon worm (D:2)
  5 orcs
  11 endoplasms
  5 giant cockroaches
  20 goblins
  9 hobgoblins
  2 jackals (D:1)
  10 quokkas
  8 ball pythons
  6 bats
  A frilled lizard (D:1)
  11 kobolds
  6 rats
123 creatures vanquished.

Notes
Turn   | Place    | Note
-------+----------+-------------------------------------------
     0 | D:1      | Autsider the Vine Stalker Warper began the quest for the
                  | Orb.
     0 | D:1      | Reached XP level 1. HP: 11/11 MP: 4/4
   131 | D:1      | Reached skill level 2 in Fighting
   229 | D:1      | Reached skill level 1 in Stealth
   229 | D:1      | Reached XP level 2. HP: 15/15 MP: 4/6
   302 | D:1      | Found a faded altar of an unknown god.
   399 | D:1      | Reached XP level 3. HP: 18/18 MP: 7/7
  1245 | D:2      | Reached skill level 1 in Shields
  1390 | D:2      | Reached XP level 4. HP: 23/23 MP: 8/8
  2041 | D:3      | Reached XP level 5. HP: 28/28 MP: 7/9
  2100 | D:3      | Found a snail-covered altar of Cheibriados.
  2100 | D:3      | Found a sparkling altar of Nemelex Xobeh.
  2107 | D:3      | Found a white marble altar of Elyvilon.
  2113 | D:3      | Found a hazy altar of Hepliaklqana.
  2189 | D:3      | Found a sacrificial altar of Ru.
  2932 | D:4      | Noticed Duvessa
  2981 | D:4      | Reached skill level 3 in Fighting
  2984 | D:5      | Entered Level 5 of the Dungeon
  3026 | D:4      | Reached XP level 6. HP: 32/32 MP: 10/10
  3042 | D:4      | Found a bloodstained altar of Trog.
  3240 | D:4      | Noticed Eustachio
  3358 | D:4      | Killed Eustachio
  3359 | D:4      | Reached XP level 7. HP: 35/37 MP: 9/11
  3507 | D:4      | Noticed Robin
  3530 | D:4      | Killed Robin
  3741 | D:4      | Found a staircase to the Ecumenical Temple.
  3932 | D:4      | Noticed Dowan
  3954 | D:4      | Killed Duvessa
  3955 | D:4      | Reached skill level 4 in Fighting
  3971 | D:4      | Killed Dowan
  3990 | D:4      | Found a shimmering altar of Xom.
  4296 | D:5      | Gained mutation: You have razor-sharp teeth. [Vine Stalker
                  | growth]
  4296 | D:5      | Reached XP level 8. HP: 36/42 MP: 10/12
  4334 | D:5      | Found Vuesirips's Assorted Antiques.
  4341 | D:5      | Bought a scroll labelled UGRISOSTUM for 19 gold pieces
  4341 | D:5      | Bought a forked brass wand for 76 gold pieces
  4341 | D:5      | Bought 2 murky inky potions for 34 gold pieces
  4524 | D:5      | Reached skill level 5 in Fighting
  4729 | D:5      | Succumbed to a water moccasin's poison

Illustrated notes

Levels and vault maps discovered:
D:1:      minmay_arrival_diagonal_passages, layout_basic, serial_forest,
          infiniplex_forest_straight_4, infiniplex_forest_lined_corner,
          infiniplex_forest_clump_tiny, infiniplex_forest_split,
          infiniplex_forest_straight_3, infiniplex_forest_straight_5,
          infiniplex_forest_lined_4_way, infiniplex_forest_lined_room_,
          hellmonk_ecumenical_altar_slurped_away
D:2:      layout_loops_corners
D:3:      layout_loops_corners, nicolae_overflow_macrodata_refinement,
          general_overflow_altar, minivault_14, corexii_corridor_pit
D:4:      layout_cave_pods, trog_hazing_becter, brannock_xom_greatest_gift,
          minmay_temple_entry_from_below_a, hangedman_decor_clover_reticule,
          uniq_duvessa, uniq_robin, uniq_eustachio
D:5:      layout_basic, serial_shops, shop

Skill      XL: |  1  2  3  4  5  6  7  8 |
---------------+-------------------------+-----
Fighting       | 2 3 4 5 |  5.0
Short Blades   | 2 3 4 |  4.9
Stealth        | 1 2 3 4 |  4.0
Shields        | 1 2 3 4 |  4.4
Throwing       | |  0.8
Armour         | |  0.7
Dodging        | |  1.5
Spellcasting   | |  2.1
Translocations | |  3.0

Action                     |  1- 3 |  4- 6 |  7- 9 || total
---------------------------+-------+-------+-------++-------
  Melee: Short sword       |    78 |       |       ||    78
         Bite              |   100 |    49 |    49 ||   198
         Dagger            |   175 |   181 |   150 ||   506
    Use: Potion            |       |       |     2 ||     2
   Stab: Sleeping          |     6 |     5 |     6 ||    17
 Armour: Leather armour    |    55 |   100 |    79 ||   234
  Dodge: Dodged            |    56 |    92 |    41 ||   189
  Block: Kite shield       |    26 |    88 |    53 ||   167

Table legend: (Time is in decaauts)
 A = Elapsed time spent in this place.
 B = Non-inter-level travel time spent in this place.
 C = Inter-level travel time spent in this place.
 D = Time resting spent in this place.
 E = Time spent auto-exploring this place.
 F = Levels seen in this place.
 G = Mean time per level.
                   A        B        C        D        E       F      G
               +--------+--------+--------+--------+--------+-----+--------+
         Total |   4755 |   4511 |    244 |     72 |   3051 |   5 |  951.0 |
       Dungeon |   4755 |   4511 |    244 |     72 |   3051 |   5 |  951.0 |
               +--------+--------+--------+--------+--------+-----+--------+

Top non-repeatable levels by time:
     D:4: 1291 daAuts
     D:1: 1064 daAuts
     D:3: 988 daAuts
     D:2: 960 daAuts
     D:5: 451 daAuts
